 Dungeon Crawl Stone Soup version 0.24-a0-205-g1d96822 (webtiles) character file.

Game seed: 1038769756869883813

6820 Borgoz the Slicer (level 11, 0/100 HPs)
             Began as a Kobold Gladiator on Mar 28, 2019.
             Was a Believer of Ashenzari.
             Slain by a merfolk
             ... wielding a +0 spear
              (5 damage)
             ... on level 10 of the Dungeon.
             The game lasted 00:18:08 (8749 turns).

Borgoz the Slicer (Kobold Gladiator)                Turns: 8749, Time: 00:18:09

Health: 0/100      AC: 13    Str: 20    XL:     11   Next: 25%
Magic:  17/17      EV: 21    Int:  9    God:    Ashenzari [**....]
Gold:   511        SH:  0    Dex: 17    Spells: 14/18 levels left

rFire    . . .     SeeInvis .   k - +2 rapier (venom)
rCold    + . .     Gourm    .   (shield restricted)
rNeg     . . .     Faith    .   p - +0 leather armour {rC+}
rPois    +         Spirit   .   c - +1 helmet
rElec    .         Reflect  .   L - +2 cloak
rCorr    .         Harm     .   G - +2 pair of gloves
MR       .....                  A - +0 pair of boots
Stlth    ..........             i - amulet of the acrobat
HPRegen  0.26/turn              J - ring of poison resistance
MPRegen  0.15/turn              M - ring of stealth

@: berserking, lethally poisoned (0 -> 0), marked, very quick
A: small, carnivore
a: Curse Item, Scrying, Renounce Religion


You were on level 10 of the Dungeon.
You worshipped Ashenzari.
Ashenzari was pleased with you.
You were not hungry.

You visited 2 branches of the dungeon, and saw 11 of its levels.
You also visited: Sewer.

You collected 511 gold pieces.

Inventory:

Hand Weapons
 a - a +1 rapier
 b - a +0 blowgun
 k - a +2 rapier of venom (weapon)
 u - a +2 dagger of electrocution
Missiles
 d - 22 tomahawks
 n - 6 poisoned needles
 F - 4 poisoned tomahawks
 H - 3 throwing nets (quivered)
Armour
 c - a +1 helmet (worn)
 p - a +0 leather armour of cold resistance (worn)
 A - a +0 pair of boots (worn)
 G - a +2 pair of gloves (worn)
 L - a +2 cloak (worn)
Jewellery
 i - an amulet of the acrobat (around neck)
 t - a +2 ring of strength
 J - a ring of poison resistance (left hand)
 M - a ring of stealth (right hand)
Wands
 o - a wand of acid (11)
 r - a wand of polymorph (12)
 w - a wand of clouds (5)
 y - a wand of digging (4)
 I - a wand of random effects (9)
Scrolls
 g - 4 scrolls of remove curse
 m - a scroll of amnesia
 v - a scroll of identify
 E - 2 scrolls of enchant armour
Potions
 e - a potion of brilliance
 h - 2 potions of ambrosia
 j - a potion of haste
 l - a potion of agility
 s - 2 potions of heal wounds
 z - a potion of might
 C - 3 potions of cancellation
 K - a potion of curing
Comestibles
 f - 16 rations


   Skills:
 + Level 7.5 Fighting
 + Level 9.4 Short Blades
 - Level 5.0 Throwing
 + Level 5.3 Armour
 + Level 8.7 Dodging
 + Level 9.1 Stealth
 + Level 4.4 Spellcasting
 + Level 4.3 Hexes


You had 14 spell levels left.
You knew the following spells:

 Your Spells              Type           Power        Failure   Level  Hunger
a - Confusing Touch       Hex            #.....       4%          1    #......
b - Confuse               Hex            #.......     14%         3    ###....

Your spell library contained the following spells:

 Spells                   Type           Power        Failure   Level  Hunger
 Cause Fear               Hex            #.........   43%         4    #####..
 Gell's Gravitas          Tloc           #.........   65%         3    ###....
 Petrify                  Tmut/Erth      #.......     96%         4    #####..
 Metabolic Englaciation   Hex/Ice        #.........   98%         5    ######.
 Silence                  Hex/Air        #.........   98%         5    ######.
 Yara's Violent Unravell  Hex/Tmut       #.........   98%         5    ######.
 Deflect Missiles         Chrm/Air       #.........   100%        6    #######
 Discord                  Hex            #.........   100%        8    #######


Dungeon Overview and Level Annotations

Branches:
Dungeon (10/15)            Temple (1/1) D:4            Lair (0/6) D:9
    Orc: D:9-12

Altars:
Ashenzari
Cheibriados
Dithmenos
Elyvilon
Fedhas
Gozag
Hepliaklqana
Kikubaaqudgha
Makhleb
Nemelex Xobeh
Okawaru
Qazlal
Ru
Sif Muna
Trog
Uskayaw
Vehumet
Wu Jian
Xom
Yredelemnul
Zin
The Shining One
Jiyva

Annotations:
D:10 Psyche


Innate Abilities, Weirdness & Mutations

You are small and have problems with some larger weapons.
You are carnivorous and can eat meat at any time.


Message History

You see here a scroll of identify.
It was a potion of mutation.
You feel extremely strange.
You feel weaker.
You feel stronger.
The killer bee completely misses you. x2
The bullfrog swells and bulges.
The leopard gecko completely misses you.
The leopard gecko misses you. The killer bee stings you.
* * * LOW HITPOINT WARNING * * *
It was a potion of berserk rage.
A red film seems to cover your vision as you go berserk!
You feel yourself moving faster!
You feel mighty!
The killer bee stings you but does no damage.
Psyche closely misses you. The killer bee barely misses you. x2
The hungry ghost misses you.
A quokka comes into view.
The leopard gecko barely misses you. Psyche hits you but does no damage.
You are electrocuted!
* * * LOW HITPOINT WARNING * * *
The merfolk hits you from afar with a +0 spear.
You die...

#......#,,,,*,,,)'.[...#,,,,,,,
#......+,,,,',,>.#r....#,,,,,,,
#......##+########.....#*******
**#...................######.....
,,#...................#,,........
,,#####'#.............#,,........
,,,#....#.............#,.........
,,,#.)..+.......yyOo.l#.....o....
,,,#....#.....m.@Woo..o.....y....
,,,#.<..#.......@lyso.#......l...
,,*######........y.F..#*######'#.
,,***,,,,......#####..o........y.
,,,,',,,,......* *.oo.........l
,,,,*,,,,......* *...........a.
,,,,*,,,,.....,* *%..........F.
,,,,*,,,,.....,* *............O
,,,,*,,,,,,,,,,* *#######..o...


You could see a merfolk, a two-headed ogre, Psyche, a hungry ghost, an orc
warrior, a bullfrog, a scorpion, 4 killer bees, 2 orc priests, 2 orc wizards, 3
orcs, 2 leopard geckos and a quokka.

Vanquished Creatures
  Harold (D:7)
  A two-headed ogre (D:10)
  Sonja (D:10)
  Pikel (D:5)
  Joseph (D:7)
  2 hippogriffs
  A water moccasin (D:9)
  2 ice beasts
  3 orc warriors
  4 slaves
  A phantom (D:5)
  2 sky beasts
  3 ogres
  3 centaurs
  2 big kobolds
  8 bullfrogs
  3 scorpions
  8 killer bees
  A howler monkey (D:4)
  7 crimson imps
  6 jellies
  5 orc priests
  A bullfrog skeleton (D:6)
  2 hounds
  Crazy Yiuf (D:7)
  4 orc wizards
  An iguana (D:10)
  4 worker ants
  A hound skeleton (D:7)
  4 gnolls (D:5)
  12 adders
  A shadow imp (D:7)
  An adder zombie (D:5)
  2 adder skeletons
  A dart slug (D:2)
  3 worms
  6 leopard geckos
  46 orcs
  6 ball pythons
  8 giant cockroaches
  5 goblins
  9 hobgoblins
  2 jackals (D:2)
  3 quokkas
  7 bats
  7 frilled lizards
  2 jackal skeletons (D:7)
  12 kobolds
  2 rats
  A spectral orc (D:6)
220 creatures vanquished.

Notes
Turn   | Place    | Note
-------+----------+-------------------------------------------
     0 | D:1      | Borgoz the Kobold Gladiator began the quest for the Orb.
     0 | D:1      | Reached XP level 1. HP: 12/12 MP: 1/1
   302 | D:1      | Reached XP level 2. HP: 17/17 MP: 2/2
   870 | D:2      | Reached XP level 3. HP: 18/22 MP: 3/3
   874 | D:2      | Reached skill level 1 in Stealth
  1206 | D:2      | Reached XP level 4. HP: 27/27 MP: 4/4
  1516 | D:2      | Found a burning altar of Makhleb.
  1516 | D:2      | Noticed a blizzard demon
  1960 | D:3      | Reached skill level 1 in Armour
  2200 | D:3      | Noticed an orc warrior
  2218 | D:3      | Killed an orc warrior
  2218 | D:3      | Reached skill level 5 in Short Blades
  2218 | D:3      | Reached XP level 5. HP: 31/32 MP: 5/5
  2323 | D:3      | Found a stormy altar of Qazlal.
  2338 | D:3      | Reached XP level 6. HP: 37/37 MP: 6/6
  2343 | D:3      | You fall through a shaft!
  2378 | D:4      | Noticed an ogre
  2402 | D:4      | Killed an ogre
  2491 | D:4      | Reached XP level 7. HP: 42/42 MP: 7/7
  2509 | D:4      | Found a blossoming altar of Fedhas.
  2514 | D:4      | Found a shattered altar of Ashenzari.
  2518 | D:4      | Became a worshipper of Ashenzari the Shackled
  2652 | D:4      | Found a glowing drain.
  2699 | Sewer    | Entered a sewer
  2900 | Sewer    | Reached skill level 5 in Dodging
  3548 | D:4      | Found a staircase to the Ecumenical Temple.
  3560 | Temple   | Entered the Ecumenical Temple
  3692 | D:4      | Reached XP level 8. HP: 45/48 MP: 8/8
  3871 | D:5      | Entered Level 5 of the Dungeon
  3967 | D:5      | Noticed Pikel
  4165 | D:5      | Killed Pikel
  4165 | D:5      | Reached skill level 5 in Stealth
  4477 | D:5      | Found a sparkling altar of Nemelex Xobeh.
  4480 | D:5      | Found a hazy altar of Hepliaklqana.
  4496 | D:5      | Reached skill level 5 in Fighting
  4496 | D:5      | Reached skill level 5 in Throwing
  4508 | D:5      | Reached XP level 9. HP: 9/54 MP: 9/9
  4784 | D:5      | Found a shadowy altar of Dithmenos.
  4785 | D:5      | Reached * piety under Ashenzari
  5134 | D:6      | Noticed a +0 hand axe
  5134 | D:6      | Noticed a +0 hand axe
  5138 | D:6      | Found a hide-covered altar of Uskayaw.
  5210 | D:6      | Learned a level 1 spell: Confusing Touch
  5214 | D:6      | Learned a level 3 spell: Confuse
  5474 | D:6      | Found a basalt altar of Yredelemnul.
  5664 | D:6      | Reached skill level 1 in Spellcasting
  5783 | D:6      | Reached skill level 1 in Hexes
  6184 | D:7      | Noticed Joseph
  6234 | D:7      | Killed Joseph
  6285 | D:7      | Found an ancient bone altar of Kikubaaqudgha.
  6483 | D:7      | Reached XP level 10. HP: 55/60 MP: 13/13
  6659 | D:7      | Found a glowing silver altar of Zin.
  6661 | D:7      | Found a sacrificial altar of Ru.
  6661 | D:7      | Found a hide-covered altar of Uskayaw.
  6663 | D:7      | Found a shimmering altar of Xom.
  6663 | D:7      | Found a shadowy altar of Dithmenos.
  6663 | D:7      | Found a shattered altar of Ashenzari.
  6704 | D:7      | Found a runed translucent door.
  6705 | D:7      | Noticed Crazy Yiuf
  6799 | D:7      | Noticed Harold
  6844 | D:7      | Killed Harold
  7350 | D:7      | Killed Crazy Yiuf
  7836 | D:8      | Found a sacrificial altar of Ru.
  8081 | D:9      | Reached ** piety under Ashenzari
  8103 | D:9      | Reached skill level 5 in Armour
  8175 | D:9      | Found a staircase to the Lair.
  8223 | D:9      | Found a glowing silver altar of Zin.
  8247 | D:9      | Reached XP level 11. HP: 61/67 MP: 16/16
  8492 | D:10     | Entered Level 10 of the Dungeon
  8630 | D:10     | Noticed a two-headed ogre
  8632 | D:10     | Killed a two-headed ogre
  8715 | D:10     | Noticed Sonja
  8729 | D:10     | Killed Sonja
  8733 | D:10     | Noticed Psyche
  8743 | D:10     | Noticed a two-headed ogre
  8748 | D:10     | Gained mutation: You are weak. (Str -2) [potion of
                  | mutation]
  8748 | D:10     | Lost mutation: You are weak. (Str -2) [potion of mutation]
  8749 | D:10     | HP: 5/100 [Psyche/+1 dagger of chaos (16)]
  8749 | D:10     | Slain by a merfolk

Levels and vault maps discovered:
D:1:      elethiomel_arrival_quiet, layout_basic, item_on_display_a
D:2:      layout_rooms, makhleb_altar_promises_db
D:3:      layout_loops_cross, old_standard_altar
D:4:      layout_rooms, minitemple, minmay_temple_entry_glassed_door,
          first_ration, portal_sewer_entry_d
D:5:      layout_loops_ring, grunt_temple_overflow_open,
          nicolae_dithmenos_through_a_glass_darkly, uniq_pikel
D:6:      layout_loops_ring, yredelemnul_forgotten_temple_becter,
          dancing_weapons_uskayaw
D:7:      layout_basic, kiku_gazebo_pond_becter, doesnt_xom_only_xom,
          uniq_joseph, uniq_crazy_yiuf_cottage, uniq_harold
D:8:      layout_basic, kennysheep_mini, serial_glass, glass_columns_a,
          glass_columns_a, item_on_display_a
D:9:      layout_rooms, zin_treasury
D:10:     layout_gridville, hangedman_fish_farm, uniq_sonja, uniq_psyche
Temple:   pf_slimified_temple
Sewer:    sewer_frog_island_01

Skill      XL: |  1  2  3  4  5  6  7  8  9 10 11 |
---------------+----------------------------------+-----
Stealth        | 1 2 3 4 5 7 8 9 |  9.1
Dodging        | 4 5 6 7 8 |  8.7
Armour         | 1 2 3 4 5 |  5.3
Fighting       | 3 4 5 6 7 |  7.5
Short Blades   | 5 6 8 9 |  9.4
Throwing       | 3 4 5 |  5.0
Spellcasting   | 2 3 4 |  4.4
Hexes          | 2 3 4 |  4.3

Action                   |  1- 3 |  4- 6 |  7- 9 | 10-12 || total
-------------------------+-------+-------+-------+-------++-------
Melee: Rapier            |    82 |   155 |   422 |   229 ||   888
       Unarmed           |       |       |     9 |       ||     9
Throw: Throwing net      |       |     4 |       |       ||     4
Evoke: Wand              |       |       |       |     3 ||     3
  Use: Scroll            |       |     7 |     3 |    10 ||    20
       Potion            |       |     1 |     2 |     2 ||     5
 Stab: Sleeping          |     1 |     5 |    11 |    13 ||    30
       Held in net/web   |       |     4 |       |       ||     4
       Confused          |       |       |     1 |       ||     1
  Eat: Chunk             |     9 |     5 |    13 |     7 ||    34
Armor: Leather armour    |    20 |    29 |    80 |    59 ||   188
       Skin              |       |       |     2 |       ||     2
Dodge: Dodged            |    82 |   136 |   322 |   254 ||   794

Table legend:
 A = Non-vault XP
 B = Vault XP
 C = Vault XP percentage of total XP
 D = Non-vault monster count
 E = Vault monster count
 F = Vault count percentage of total count
                 A         B        C        D         E       F
            +---------+---------+-------+---------+---------+-------
      Total |    6536 |    3208 |  32.9 |     191 |      25 |  11.6
            +---------+---------+-------+---------+---------+-------
        D:1 |      20 |       0 |   0.0 |      12 |       0 |   0.0
        D:2 |      65 |       0 |   0.0 |      19 |       0 |   0.0
        D:3 |     195 |       0 |   0.0 |      23 |       0 |   0.0
        D:4 |     479 |      13 |   2.6 |      22 |       1 |   4.3
        D:5 |     446 |     651 |  59.3 |      11 |       1 |   8.3
        D:6 |     884 |       1 |   0.1 |      25 |       1 |   3.8
        D:7 |    1600 |    1487 |  48.2 |      38 |       3 |   7.3
        D:8 |     929 |       0 |   0.0 |      17 |       0 |   0.0
        D:9 |     884 |       0 |   0.0 |      15 |       0 |   0.0
       D:10 |    1034 |     807 |  43.8 |       9 |       1 |  10.0
      Sewer |       0 |     249 | 100.0 |       0 |      18 | 100.0
            +---------+---------+-------+---------+---------+-------
